 Dungeon Sprint DCSS version 0.30-b1-2-g02819fbbbe (webtiles) character file.

Game seed: 11699360972030019867

436 mtoz the Fighter (level 6, -9/96 HPs)
             Began as a Minotaur Berserker on Dec 21, 2023.
             Was a Believer of Trog.
             Mangled by Sonja
             ... wielding a +0 dagger of distortion
              (10 damage)
             ... in the Dungeon (Sprint I: "Red Sonja").
             The game lasted 00:06:22 (219 turns).

mtoz the Fighter (Minotaur Berserker)                Turns: 219, Time: 00:06:22

Health: -9/96      AC:  4    Str: 29    XL:     6   Next: 69%
Magic:  5/5        EV: 14    Int:  4    God:    Trog [**....]
Gold:   54         SH:  0    Dex: 10    Spells: 5/5 levels left

rFire   . . .        l - +1 battleaxe (heavy)
rCold   . . .        (shield currently unavailable)
rNeg    . . .        i - +2 robe {Will+}
rPois   .            (helmet restricted)
rElec   .            (no cloak)
rCorr   .            (no gloves)
SInv    .            (no boots)
Will    +++..        (no amulet) Stlth
                     j - +6 ring of strength
HPRegen 1.36/turn    (no ring)
MPRegen 0.09/turn

%: no teleportation
@: berserking, strong-willed, regenerating, very quick
A: horns 2, retaliatory headbutt
a: Renounce Religion, Berserk, Trog's Hand


You were in the Dungeon.
You worshipped Trog.
Trog was pleased with you.
You visited 1 branch You collected 297 gold pieces.
You spent 243 gold pieces at shops.

Inventory:

Hand Weapons
 a - a +0 hand axe
 d - a +0 scythe
 k - a +0 trident
 l - a +1 heavy battleaxe (weapon)
Armour
 b - a +0 animal skin
 i - a +2 robe of willpower (worn)
Jewellery
 j - a +6 ring of strength (left hand)
Wands
 e - a wand of flame (10)
Scrolls
 h - a scroll of blinking
Potions
 c - a potion of curing
 f - 2 potions of magic
 g - a potion of berserk rage


   Skills:
 + Level 9.4 Fighting
 + Level 9.4 Axes
 + Level 9.0 Armour
 + Level 8.2 Dodging
 + Level 0.0 Evocations


You had 5 spell levels left.
You didn't know any spells.
Your spell library was empty.

Dungeon Overview and Level Annotations

Branches:
Dungeon (1/1)

Altars:
Cheibriados
Dithmenos
Elyvilon
Fedhas
Gozag
Hepliaklqana
Kikubaaqudgha
Nemelex Xobeh
Okawaru
Qazlal
Ru
Sif Muna
Trog
Uskayaw
Vehumet
Wu Jian
Yredelemnul
Zin
The Shining One

Shops:
D (

Annotations:
D Sonja


Innate Abilities, Weirdness & Mutations

You have a pair of horns on your head.
You reflexively headbutt those who attack you in melee.


Message History

Aim: Sonja, wielding a +0 dagger of distortion, quivering curare-tipped darts and carrying a wand of mindburst (8) (25% to hit)
The puff of flame misses Sonja.
Aiming: Throw Flame
Press: ? - help, Shift-Dir - straight line, f/p - Sonja
Aim: Sonja, wielding a +0 dagger of distortion, quivering curare-tipped darts and carrying a wand of mindburst (8) (25% to hit)
Okay, then.
Sonja casts a spell.
Sonja blinks!
Sonja hits you with a +0 dagger of distortion.
Space warps around you.
Sonja hits you with a +0 dagger of distortion.
Sonja misses you.
There is an open door here.
You barely miss Sonja. Your headbutt misses Sonja.
Sonja hits you but does no damage. Space warps around you!
Sonja hits you with a +0 dagger of distortion.
Space warps around you.
Sonja hits you with a +0 dagger of distortion.
Sonja completely misses you.
Sonja hits you with a +0 dagger of distortion.
Space warps around you.
Sonja hits you with a +0 dagger of distortion.
Your skin crawls.
You feel strong-willed. Sonja misses you. Sonja barely misses you.
Sonja hits you but does no damage. Space warps around you.
Sonja barely misses you. Sonja hits you but does no damage.
Space warps around you!
* * * LOW HITPOINT WARNING * * *
Sonja hits you with a +0 dagger of distortion!
* * * LOW HITPOINT WARNING * * *
Space warps around you.
* * * LOW HITPOINT WARNING * * *
A red film seems to cover your vision as you go berserk!
You feel yourself moving faster!
You feel mighty!
Sonja hits you with a +0 dagger of distortion.
* * * LOW HITPOINT WARNING * * *
Sonja hits you with a +0 dagger of distortion.
* * * LOW HITPOINT WARNING * * *
Space warps horribly around you!
You die...

#<.#..').#..'..#
#..').#..'..#..+
#..#####'#####'#
#..####..#...#.#
#..#__####..##.#
#..#_____##'#_.+
#⌠⌠#_.∩...†..._#
####_..__##_K#+#
#_____###@#
####### #.# $.$
#$.$# ##.## #+#


You could see Sonja.

Vanquished Creatures
  Sigmund (D)
  A yak (D)
  An ogre (D)
  A jelly (D)
  Ijyb (D)
5 creatures vanquished.

Notes
Turn   | Place    | Note
-------+----------+-------------------------------------------
     0 | D        | mtoz the Minotaur Berserker began the quest for the Orb.
     0 | D        | Reached XP level 1. HP: 19/19 MP: 0/0
     2 | D        | Noticed Ijyb
    10 | D        | Killed Ijyb
    11 | D        | Reached XP level 2. HP: 28/28 MP: 1/1
    14 | D        | Noticed an ogre
    18 | D        | Killed an ogre
    19 | D        | Reached skill level 5 in Armour
    19 | D        | Reached skill level 5 in Dodging
    19 | D        | Reached XP level 3. HP: 37/38 MP: 2/2
    19 | D        | Reached XP level 4. HP: 44/45 MP: 3/3
    22 | D        | Noticed Sigmund
    38 | D        | Killed Sigmund
    38 | D        | Reached ** piety under Trog
    39 | D        | Reached XP level 5. HP: 38/53 MP: 4/4
   126 | D        | Found an ornate altar of the Wu Jian Council.
   126 | D        | Found a shimmering blue altar of Sif Muna.
   136 | D        | Reached XP level 6. HP: 62/62 MP: 5/5
   138 | D        | Found a radiant altar of Vehumet.
   167 | D        | Found Wesek's Weapon Emporium.
   167 | D        | Found an ancient bone altar of Kikubaaqudgha.
   167 | D        | Found a hazy altar of Hepliaklqana.
   167 | D        | Found a hide-covered altar of Uskayaw.
   167 | D        | Found a basalt altar of Yredelemnul.
   167 | D        | Found an opulent altar of Gozag.
   167 | D        | Found a snail-covered altar of Cheibriados.
   167 | D        | Found a sacrificial altar of Ru.
   167 | D        | Found a shadowy altar of Dithmenos.
   167 | D        | Noticed a yak
   172 | D        | Killed a yak
   198 | D        | Found a stormy altar of Qazlal.
   198 | D        | Found a blossoming altar of Fedhas.
   198 | D        | Found a bloodstained altar of Trog.
   198 | D        | Found an iron altar of Okawaru.
   198 | D        | Found a glowing golden altar of the Shining One.
   198 | D        | Found a glowing silver altar of Zin.
   198 | D        | Found a white marble altar of Elyvilon.
   199 | D        | Found a sparkling altar of Nemelex Xobeh.
   203 | D        | Bought a +1 heavy battleaxe for 243 gold pieces
   214 | D        | Noticed Sonja
   219 | D        | HP: 1/96 [Sonja/+0 dagger of distortion (4)]
   219 | D        | Mangled by Sonja

Illustrated notes

Levels and vault maps discovered:
D:        dungeon_sprint_1 [red_sonja_temple_1, red_sonja_temple_small_1]

Skill      XL: |  1  2  3  4  5  6 |
---------------+-------------------+-----
Fighting       | 4 6 8 9 |  9.4
Axes           | 4 6 8 9 |  9.4
Armour         | 4 5 7 8 9 |  9.0
Dodging        | 3 5 7 8 |  8.2

Action                     |  1- 3 |  4- 6 || total
---------------------------+-------+-------++-------
  Melee: Hand axe          |     8 |    14 ||    22
         Headbutt          |     2 |     4 ||     6
         Battleaxe         |       |     1 ||     1
 Invoke: Berserk           |     1 |     2 ||     3
         Trog's Hand       |       |     2 ||     2
  Evoke: Wand              |       |     1 ||     1
    Use: Potion            |     2 |       ||     2
 Armour: Robe              |       |     4 ||     4
  Dodge: Dodged            |     4 |    14 ||    18
